 Dungeon Sprint DCSS version 0.20.1-1-g8b1a95d (webtiles) character file.

829 potatolord6000 the Blocker (level 7, -2/118 HPs)
             Began as a Deep Dwarf Fighter on Aug 28, 2017.
             Slain by a tyrant leech (24 damage)
             ... in the Dungeon (Sprint II: "The Violet Keep of Menkaure").
             The game lasted 00:05:04 (411 turns).

potatolord6000 the Blocker (Deep Dwarf Fighter)      Turns: 411, Time: 00:05:04

Health: -2/118     AC:  8    Str: 26    XL:     7   Next: 65%
Magic:  15/15      EV:  9    Int:  7    God:
Gold:   729        SH: 11    Dex:  8    Spells: 18/18 levels left

rFire    . . .     SeeInvis .   a - +0 long sword
rCold    . . .     Gourm    .   c - +0 shield
rNeg     . . .     Faith    .   b - +0 scale mail
rPois    .         Spirit   .   (no helmet)
rElec    .         Reflect  .   (no cloak)
rCorr    .         Harm     .   (no gloves)
MR       +....     Rnd*Rage +   (no boots) Stlth ..........NoTele +
                                (no amulet)
Regen    0.0/turn               (no ring)
MPRegen  0.2/turn               (no ring)

@: berserking (expiring), non-regenerating, badly diseased, very quick
A: damage resistance, heal wounds, berserk 1, clumsy 2, dopey 1, mutation
resistance 1, sense surroundings 1, robust 1, no regeneration
a: Heal Wounds


You were in the Dungeon.
You were not hungry.

You visited 1 branch You collected 729 gold pieces.

Inventory:

Hand Weapons
 a - a +0 long sword (weapon)
Armour
 b - a +0 scale mail (worn)
 c - a +0 shield (worn)
Scrolls
 k - a scroll of blinking
Potions
 e - a potion of curing
 i - 2 potions of magic
Comestibles
 f - a bread ration


   Skills:
 + Level 7.5 Fighting
 + Level 7.8 Long Blades
 + Level 8.9 Armour
 + Level 9.0 Shields
 + Level 6.2 Spellcasting


You had 18 spell levels left.
You didn't know any spells.

Dungeon Overview and Level Annotations

Branches:
Dungeon (1/1)

Altars:

Shops:
D *![?:


Innate Abilities, Weirdness & Mutations

You are resistant to damage.
You can heal yourself by infusing magical energy.
You passively map a small area around you.
You do not regenerate.
You tend to lose your temper in combat.
You are very clumsy. (Dex -4)
You are dopey. (Int -2)
You are somewhat resistant to further mutation.
You are robust. (+10% HP)


Message History

The tyrant leech is lightly wounded.
You barely miss the tyrant leech.
The tyrant leech is lightly wounded.
The tyrant leech closely misses you.
You slash the tyrant leech!
The tyrant leech is moderately wounded.
You block the tyrant leech's attack.
You closely miss the tyrant leech.
The tyrant leech is moderately wounded.
You miss the tyrant leech.
The tyrant leech is moderately wounded.
The tyrant leech bites you!
* * * LOW HITPOINT WARNING * * *
The tyrant leech draws strength from your injuries!
You slash the tyrant leech!
The tyrant leech is moderately wounded.
You miss the tyrant leech.
The tyrant leech is moderately wounded.
The tyrant leech bites you!!
You die...

* #''§#§§ , *** ≈ ≈
...., , + , , ....
≈ ##+## , ∩ ∩...*
*#...## *** * *
.∩..#≈ ≈#..##.# ,
∩.⌠.# ≈######.## ,
* .∩..#≈##.###+##*
* * ,,
∩...#≈#...##.#### *
.#
+≈+.##†.ww@†##'..#
....#≈#...##.##†..#
, ▓▓###
##.###'###.## ####*
### .#. ## , * ≈ ≈
.. .. ≈ ≈≈ + ##.
$##≈ *, * ## ## ≈ _
*, ≈ ≈ ≈ _ + + + ≈


You could see 2 tyrant leeches.

Vanquished Creatures
  4 neqoxecs (D)
  Menkaure (D)
  4 necrophages (D)
  2 worms (D)
11 creatures vanquished.

Vanquished Creatures (others)
  2 crocodiles (D)
2 creatures vanquished.

Grand Total: 13 creatures vanquished

Notes
Turn   | Place    | Note
-------+----------+-------------------------------------------
     0 | D        | potatolord6000 the Deep Dwarf Fighter began the quest for the Orb.
     0 | D        | Reached XP level 1. HP: 20/20 MP: 1/1
     1 | D        | Noticed a neqoxec
     2 | D        | Noticed a neqoxec
     5 | D        | Gained mutation: You are clumsy. (Dex -2) [a neqoxec]
    12 | D        | Killed a neqoxec
    12 | D        | Reached skill level 5 in Armour
    12 | D        | Reached skill level 5 in Shields
    12 | D        | Reached XP level 2. HP: 13/31 MP: 1/6
    12 | D        | Reached XP level 3. HP: 16/37 MP: 1/7
    12 | D        | Reached XP level 4. HP: 20/45 MP: 1/9
    13 | D        | Gained mutation: You are robust. (+10% HP) [a neqoxec]
    26 | D        | Killed a neqoxec
    26 | D        | Reached skill level 5 in Fighting
    26 | D        | Reached skill level 5 in Long Blades
    26 | D        | Reached skill level 6 in Shields
    26 | D        | Reached XP level 5. HP: 39/60 MP: 2/10
    29 | D        | Noticed a neqoxec
    30 | D        | Noticed a neqoxec
    33 | D        | Noticed an ice statue
    33 | D        | Gained mutation: You are very clumsy. (Dex -4) [a neqoxec]
    34 | D        | Gained mutation: You are dopey. (Int -2) [a neqoxec]
    36 | D        | Killed a neqoxec
    36 | D        | Reached skill level 7 in Shields
    36 | D        | Reached skill level 5 in Spellcasting
    36 | D        | Reached XP level 6. HP: 17/69 MP: 4/12
    37 | D        | Gained mutation: You are somewhat resistant to further mutation. [a neqoxec]
    38 | D        | Noticed Menkaure
    44 | D        | Gained mutation: You tend to lose your temper in combat. [a neqoxec]
    45 | D        | Killed a neqoxec
    49 | D        | Killed Menkaure
    49 | D        | Reached skill level 8 in Shields
   328 | D        | Reached XP level 7. HP: 76/77 MP: 14/14
   352 | D        | Reached skill level 9 in Shields
   355 | D        | Found Ysson's Book Emporium.
   355 | D        | Found Bugget's Magic Scroll Shoppe.
   356 | D        | Found Ligac's Distillery.
   356 | D        | Found Cexaf's General Store.
   357 | D        | Found Zehi's Antique Armour Emporium.
   371 | D        | Noticed a tyrant leech
   371 | D        | Noticed a tyrant leech
   411 | D        | Slain by a tyrant leech

Skill      XL: |  1  2  3  4  5  6  7 |
---------------+----------------------+-----
Fighting       | 4 5 6 7 |  7.5
Long Blades    | 4 5 6 7 |  7.8
Armour         | 5 6 7 8 |  8.9
Shields        | 5 6 7 8 9 |  9.0
Spellcasting   | 3 4 5 6 |  6.2

Action                   |  1- 3 |  4- 6 |  7- 9 || total
-------------------------+-------+-------+-------++-------
Melee: Long sword        |     7 |    48 |    58 ||   113
 Abil: Heal Wounds       |       |     5 |     2 ||     7
  Use: Potion            |     3 |     1 |       ||     4
Armor: Scale mail        |     2 |    18 |    10 ||    30
Dodge: Dodged            |       |    19 |    10 ||    29
Block: Shield            |       |    27 |    12 ||    39
       Rpst.: Long sword |       |     5 |     3 ||     8
